AoeStats
← TigerGecko

QS Arena

503694925Analyzed
4v4 RM · 1mo ago on Sep 1, 2026· 35m 57s· 8 players
Game mode
Random Map
Map size
Large (8 player)
Population
200
Speed
Normal
Resources
Standard
Victory
Conquest
Starting age
Dark Age
Ending age
Imperial Age
RankedLock teamsTeams togetherTeam positionsShared explorationLock speedFull tech treeHidden civsTurbo modeCheats
Victory
Defeat
🇩🇪 Goths · Germany
1435
+13
🇮🇳 Huns · India
1332
+17
🇹🇷 Bohemians · Türkiye
1331
+17
🇻🇪 Italians · Venezuela
1289
+19
🇷🇴 Byzantines · Romania
1382
-18
🇪🇸 Sicilians · Spain
1375
-17
🇹🇷 Cumans · Türkiye
1357
-17
🇩🇪 Celts · Germany
1330
-15
Jun Misugi
7:34 Feudal Age
11:49 Castle Age
10:05 Double-Bit Axe
11:06 Horse Collar
12:01 Loom
13:56 Bow Saw
21:07 Gold Mining
22:06 Wheelbarrow
21:20 Town Watch
23:35 Fletching
25:26 Bodkin Arrow
28:04 Padded Archer Armor
30:47 Imperial Age
29:21 Hand Cart
30:01 Bloodlines
30:28 Leather Archer Armor
33:06 Chemistry
32:27 Ballistics
34:05 Two-Man Saw
sjhgdtbr
8:43 Feudal Age
12:27 Castle Age
10:19 Double-Bit Axe
11:35 Horse Collar
14:15 Forging
14:01 Gold Mining
14:22 Bow Saw
19:56 Iron Casting
19:10 Loom
21:01 Scale Barding Armor
22:52 Wheelbarrow
23:00 Chain Barding Armor
27:00 Imperial Age
25:51 Fletching
26:39 Bodkin Arrow
28:14 Logistica
28:38 Conscription
28:02 Pikeman
28:43 Squires
30:14 Chemistry
31:07 Plate Barding Armor
30:40 Husbandry
35:07 Elite Cataphract
35:09 Elite Skirmisher
35:50 Padded Archer Armor
Corpse Highlighter
8:26 Feudal Age
9:46 Loom
12:34 Castle Age
11:16 Horse Collar
11:21 Double-Bit Axe
14:08 Bow Saw
16:20 Town Watch
20:36 Wheelbarrow
24:14 Imperial Age
22:06 Heavy Plow
22:28 Fletching
23:09 Scale Mail Armor
23:26 Hand Cart
23:45 Ballistics
23:47 Bodkin Arrow
24:55 Forging
24:35 Capped Ram
25:57 Chain Mail Armor
25:46 Squires
28:15 Conscription
28:26 Plate Mail Armor
28:31 Iron Casting
27:57 Bracer
29:17 Husbandry
29:13 Gambesons
28:49 Pikeman
31:36 Blast Furnace
30:50 Gold Mining
30:33 Halberdier
33:16 Chemistry
32:35 Onager
34:07 Siege Engineers
FRKNCY
8:30 Feudal Age
9:02 Double-Bit Axe
9:06 Loom
9:02 Horse Collar
10:26 Fletching
15:27 Padded Archer Armor
18:36 Castle Age
TigerGecko
6:43 Feudal Age
6:27 Loom
7:42 Double-Bit Axe
7:39 Horse Collar
10:58 Man-at-Arms
13:52 Fletching
19:21 Castle Age
17:33 Stone Mining
20:02 Heavy Plow
20:13 Bow Saw
20:40 Wheelbarrow
19:51 Town Watch
21:56 Gold Mining
24:34 Hand Cart
32:14 Imperial Age
30:31 Padded Archer Armor
30:42 Forging
31:31 Leather Archer Armor
31:35 Murder Holes
32:00 Ballistics
31:43 Bodkin Arrow
33:16 Leather Archer Armor
34:13 Chemistry
35:09 Ring Archer Armor
35:35 Squires
LT_OmniSK
8:03 Feudal Age
12:11 Castle Age
10:25 Double-Bit Axe
11:34 Horse Collar
13:42 Loom
16:28 Fletching
22:53 Imperial Age
23:27 Bow Saw
23:18 Heavy Plow
28:48 Wheelbarrow
29:14 Two-Man Saw
29:15 Bodkin Arrow
31:25 Hand Cart
32:21 Conscription
32:15 Scale Mail Armor
32:26 Forging
32:23 Bracer
33:13 Pikeman
33:54 Scale Mail Armor
34:04 Forging
34:22 Halberdier
35:03 Squires
RockAxe4356
8:18 Feudal Age
12:41 Castle Age
10:35 Double-Bit Axe
12:58 Horse Collar
13:49 Bow Saw
13:54 Scale Barding Armor
14:01 Bloodlines
20:25 Heavy Plow
20:33 Loom
27:31 Wheelbarrow
27:22 Town Watch
31:18 Imperial Age
29:07 Husbandry
30:40 Chain Barding Armor
30:32 Forging
31:21 Cavalier
32:39 Plate Barding Armor
34:10 Fletching
35:24 Ballistics
RagnarLothbrok
8:20 Feudal Age
7:13 Loom
9:56 Double-Bit Axe
9:52 Horse Collar
12:54 Castle Age
13:50 Bow Saw
13:41 Heavy Plow
15:20 Loom
17:41 Wheelbarrow
19:52 Loom
20:58 Bloodlines
21:05 Gold Mining
22:44 Scale Barding Armor
22:40 Husbandry
24:49 Chain Barding Armor
27:43 Imperial Age
25:29 Hand Cart
25:00 Town Watch
25:41 Forging
27:04 Padded Archer Armor
27:40 Iron Casting
27:46 Town Patrol
28:08 Fletching
28:40 Ballistics
27:50 Cavalier
29:32 Chemistry
28:15 Light Cavalry
29:12 Pirotechnia
29:09 Murder Holes
30:19 Plate Barding Armor
30:45 Blast Furnace
31:06 Leather Archer Armor
31:17 Stone Mining
32:03 Masonry
31:34 Treadmill Crane
33:43 Architecture
33:51 Hoardings
34:23 Ring Archer Armor
34:26 Bodkin Arrow
35:38 Hussar
Connection lost

Rejoining the realm…

Still unreachable

The connection could not be restored.

Session expired

The server has moved on; the page needs a fresh start.